 Dungeon Crawl Stone Soup version 0.32-a0-791-gfc315c9ecd (webtiles) character file.

Game seed: 5705334871108183100

875 miscthings the Apothecary (level 8, -5/66 (78) HPs)
             Began as a Coglin Alchemist on Mar 20, 2024.
             Slain by a wight
             ... wielding a +3 battleaxe
              (12 damage)
             ... on level 4 of the Dungeon.
             The game lasted 00:09:21 (3067 turns).

miscthings the Apothecary (Coglin Alchemist)        Turns: 3067, Time: 00:09:21

HP:   -5/66 (78)    AC: 24    Str:  5 (8)  XL:     8   Next: 4%
MP:   13/13         EV:  2    Int: 16 (18) God:
Gold: 204           SH:  0    Dex: 11 (14) Spells: 2/14 levels left

rFire   . . .        l - +2 dagger (venom) {Marisol}
rCold   . . .        m - +0 dagger (elec) {Hua}
rNeg    . . .        n - melded +2 leather armour {Will+}
rPois   +            j - melded +2 helmet
rElec   .            (cloak currently unavailable)
rCorr   .            (gloves currently unavailable)
SInv    .            (boots currently unavailable)
Will    .....        (no amulet)
Stlth   ++           (no ring)
HPRegen 0.31/turn    (no ring)
MPRegen 0.13/turn    (no gizmo)

%: no passive effects
@: tree-form, heavily drained, revving
A: stationary, stasis, torment immunity, boosted hp, off-hand wielding, slow
wielding, warmup strikes, (no jewellery)
a: Invent Gizmo


You were on level 4 of the Dungeon.
You were a tree.
You visited 1 branch of the dungeon, and saw 5 of its levels.

You collected 204 gold pieces.

Inventory:

Hand Weapons
 l - a +2 dagger of venom (weapon) {Marisol}
 m - a +0 dagger of electrocution (offhand) {Hua}
Armour
 a - a +0 robe
 h - a +1 ring mail of fire resistance
 j - a +2 helmet (melded)
 n - a +2 leather armour of willpower (melded)
Magical Staves
 e - a staff of death {Pete}
 r - a staff of death
Wands
 f - a wand of flame (16)
Scrolls
 o - a scroll of enchant armour
 s - a scroll of identify {@r1}
Potions
 b - a potion of magic
 c - 2 potions of lignification
 g - 2 potions of degeneration
 i - a potion of berserk rage {unknown}
 k - a potion of curing
 p - a potion of attraction {unknown}
 q - a potion of mutation


   Skills:
 - Level 1.7 Dodging
 - Level 1.5 Stealth
 + Level 3.7 Spellcasting
 + Level 3.7 Conjurations
 + Level 0.2 Fire Magic
 + Level 2.3 Air Magic
 * Level 7.2 Alchemy


You had 2 spell levels left.
You knew the following spells:

 Your Spells              Type           Power      Damage    Failure   Level
a - Sting                 Conj/Alch      80%        1d8       1%          1
b - Mephitic Cloud        Conj/Alch/Air  17%        N/A       9%          3
c - Sticky Flame          Fire/Alch      15%        2d5       36%         4
z - Olgreb's Toxic Radia  Alch           26%        N/A       9%          4

Your spell library contained the following spells:

 Spells                   Type           Power      Damage    Failure   Level
 Mercury Vapours          Alch/Air       36%        N/A       3%          2
 Foxfire                  Conj/Fire      36%        2x1d5     8%          1
 Plasma Beam              Fire/Air       3%         2x1d13    100%        6
 Starburst                Conj/Fire      4%         6d4       100%        6


Dungeon Overview and Level Annotations

Branches:
Dungeon (5/15)
 Temple: D:4-7

Altars:
Elyvilon
Fedhas

Shops:
D:2 :


Innate Abilities, Weirdness & Mutations

You are a tree.
Your roots penetrate the ground, keeping you stationary.
You cannot be teleported.
You are immune to unholy pain and torment.
Your maximum health is greatly increased.
Your equipment is partially melded.
You can wield a second weapon in your off-hand.
It takes a long time for you to wield or remove held weapons.
Your first few attacks do less damage.
((You cannot equip rings or amulets.))


Message History

The wight hits you but does no damage.
It was a potion of curing.
You feel better.
The wight hits you but does no damage. x2
You feel much better.
The wight hits you but does no damage. x2
You hit the wight with your +2 dagger of venom.
The wight is heavily damaged.
You hit the wight but do no damage. Lightning courses through the wight!!
You destroy the wight!
The wight barely misses you.
You have reached level 8!
You feel clever.
You hit the wight but do no damage. x2; The wight hits you with a +3 battleaxe!
You closely miss the wight with your +2 dagger of venom.
You hit the wight but do no damage. The wight hits you but does no damage.
You hit the wight but do no damage.
You hit the wight with your +2 dagger of venom.
The wight hits you with a +3 battleaxe!
* * * LOW HITPOINT WARNING * * *
You feel drained.
* * * LOW HITPOINT WARNING * * *
Aiming: Throw Flame
Press: ? - help, Shift-Dir - straight line, f - wight
Aim: a wight, wielding a +3 battleaxe and wearing a +0 robe (lightly damaged, 68% to hit)
The puff of flame hits the wight!
The wight is heavily damaged.
The wight hits you with a +3 battleaxe.
* * * LOW HITPOINT WARNING * * *
You feel drained.
* * * LOW HITPOINT WARNING * * *
Aiming: Throw Flame
Press: ? - help, Shift-Dir - straight line, f/p - wight
Aim: a wight, wielding a +3 battleaxe and wearing a +0 robe (heavily damaged, 68% to hit)
The puff of flame misses the wight.
The wight hits you but does no damage.
Aiming: Throw Flame
Press: ? - help, Shift-Dir - straight line, f/p - wight
Aim: a wight, wielding a +3 battleaxe and wearing a +0 robe (heavily damaged, 68% to hit)
The puff of flame hits the wight.
The wight is severely damaged.
The wight hits you with a +3 battleaxe!
You die...

..# #......## ..#
#....#..# ..# #.....#.###
).# #.....#...#
############.###.#####
.......)..........[..#
.###########.....###.#
.#............#)z# #.#
................♣# #.#
.#............#### #.#
.#............# #.#
.#............# #.#
.#............# #.#
.#######################
.#...)...............~.##
.##.####.#.#########.~..#
.##............# #.≈..#


You could see a wight.

Vanquished Creatures
  Grinder (D:4)
  Eustachio (D:4)
  A black bear (D:4)
  A wight (D:4)
  Jessica (D:2)
  Ijyb (D:4)
  Terence (D:2)
  Natasha (thrice) (D:2)
  An orc wizard (D:4)
  Robin (D:2)
  6 gnolls
  4 adders
  3 dart slugs
  A ribbon worm (D:2)
  13 orcs
  7 bats
  3 endoplasms
  2 giant cockroaches (D:1)
  12 goblins
  12 hobgoblins
  4 jackals (D:3)
  2 quokkas (D:2)
  6 ball pythons
  3 frilled lizards
  7 kobolds
  3 rats
100 creatures vanquished.

Notes
Turn   | Place    | Note
-------+----------+-------------------------------------------
     0 | D:1      | miscthings the Coglin Alchemist began the quest for the
                  | Orb.
     0 | D:1      | Reached XP level 1. HP: 13/13 MP: 3/3
   141 | D:1      | Reached skill level 1 in Conjurations
   224 | D:1      | Reached XP level 2. HP: 15/19 MP: 2/4
   793 | D:1      | Reached skill level 4 in Alchemy
   793 | D:1      | Reached XP level 3. HP: 20/24 MP: 4/6
  1043 | D:2      | Found a faded altar of an unknown god.
  1092 | D:2      | Noticed Robin
  1103 | D:2      | Killed Robin
  1104 | D:2      | Reached XP level 4. HP: 22/30 MP: 4/7
  1137 | D:2      | Noticed Jessica
  1137 | D:2      | Noticed Terence
  1166 | D:1      | Learned a level 3 spell: Mephitic Cloud
  1222 | D:2      | Noticed Natasha
  1228 | D:2      | Killed Natasha
  1264 | D:2      | Found Xibueseh's Book Emporium.
  1276 | D:2      | Noticed Natasha
  1279 | D:2      | Killed Terence
  1280 | D:2      | Reached skill level 5 in Alchemy
  1280 | D:2      | Reached XP level 5. HP: 30/35 MP: 4/8
  1285 | D:2      | Killed Natasha
  1340 | D:2      | Killed Jessica
  1363 | D:2      | Found a blossoming altar of Fedhas.
  1654 | D:2      | Noticed Natasha
  1666 | D:2      | Killed Natasha
  1690 | D:2      | Learned a level 4 spell: Olgreb's Toxic Radiance
  1720 | D:2      | Reached XP level 6. HP: 35/41 MP: 7/10
  2206 | D:3      | Found a white marble altar of Elyvilon.
  2216 | D:4      | Noticed a black bear
  2222 | D:4      | Killed a black bear
  2223 | D:4      | Reached skill level 1 in Air Magic
  2283 | D:4      | Reached skill level 6 in Alchemy
  2444 | D:4      | Noticed Ijyb
  2452 | D:4      | Killed Ijyb
  2632 | D:4      | Noticed Eustachio
  2645 | D:4      | Killed Eustachio
  2646 | D:4      | Reached XP level 7. HP: 41/46 MP: 5/12
  2674 | D:4      | Noticed Grinder
  2692 | D:4      | Killed Grinder
  2830 | D:4      | Reached skill level 7 in Alchemy
  3003 | D:5      | Entered Level 5 of the Dungeon
  3022 | D:4      | Learned a level 4 spell: Sticky Flame
  3062 | D:4      | Reached XP level 8. HP: 34/48 MP: 13/13
  3067 | D:4      | Slain by a wight

Illustrated notes

Levels and vault maps discovered:
D:1:      ncdulo_lavacross, layout_loops_corners, serial_co_window_serial,
          co_window_of_opportunity_a, co_window_paths_a,
          co_window_of_opportunity_a, co_window_paths_b, co_window_paths_a,
          co_window_of_opportunity_a, co_window_2corner, co_window_paths_c,
          co_window_broadway_a, co_window_broadway_b, co_window_paths_c,
          glass_columns_a, glass_columns_c
D:2:      layout_rooms, nicolae_ecumenical_snake_handling, basic_altar,
          serial_aquarium, aquarium_bridge_island_small
          [aquarium_subvault_small_open, aquarium_subvault_bridge,
          aquarium_subvault_window, aquarium_subvault_window,
          aquarium_subvault_wall], aquarium_window_corridor_2,
          aquarium_window_1, aquarium_view_2e, aquarium_view_2b,
          aquarium_balcony_3b, serial_shops, shop, uniq_robin, uniq_jessica,
          uniq_natasha, uniq_terence
D:3:      layout_loops_ring, mainiacjoe_overflow_alcove_4, elyvilon_altar_3,
          serial_shops, shop, nicolae_titane, uniq_crazy_yiuf_cottage
D:4:      layout_basic, chequers_serial_rivers_micro_b, uniq_ijyb, uniq_grinder,
          uniq_eustachio
D:5:      layout_rooms, minmay_overflow_temple_star_hex,
          mainiacjoe_overflow_alcove_3, lemuel_crystal_altar

Skill      XL: |  1  2  3  4  5  6  7 |
---------------+----------------------+-----
Conjurations   | 1 2 3 |  3.7
Spellcasting   | 2 3 |  3.7
Alchemy        | 4 5 6 7 |  7.2
Air Magic      | 1 2 |  2.3
Dodging        | |  1.7
Stealth        | |  1.5
Fire Magic     | |  0.2

Action                     |  1- 3 |  4- 6 |  7- 9 || total
---------------------------+-------+-------+-------++-------
  Melee: Staff             |    40 |       |       ||    40
         Unarmed           |     3 |       |       ||     3
         Punch             |     1 |       |       ||     1
         Dagger            |    23 |   165 |    56 ||   244
   Cast: Sting             |    36 |    31 |     9 ||    76
         Mephitic Cloud    |       |     5 |       ||     5
         Olgreb's Toxic Ra |       |     1 |     3 ||     4
  Evoke: Wand              |       |       |    12 ||    12
    Use: Scroll            |       |     6 |     1 ||     7
         Potion            |       |       |     5 ||     5
   Stab: Sleeping          |     1 |       |       ||     1
         Confused          |       |     8 |       ||     8
 Armour: Robe              |    48 |    15 |       ||    63
         Leather armour    |       |    33 |    16 ||    49
         Skin              |       |       |    29 ||    29
  Dodge: Dodged            |    41 |    44 |    10 ||    95

Table legend: (Time is in decaauts)
 A = Elapsed time spent in this place.
 B = Non-inter-level travel time spent in this place.
 C = Inter-level travel time spent in this place.
 D = Time resting spent in this place.
 E = Time spent auto-exploring this place.
 F = Levels seen in this place.
 G = Mean time per level.
                   A        B        C        D        E       F      G
               +--------+--------+--------+--------+--------+-----+--------+
         Total |   3082 |   2974 |    108 |     46 |   2098 |   5 |  616.4 |
       Dungeon |   3082 |   2974 |    108 |     46 |   2098 |   5 |  616.4 |
               +--------+--------+--------+--------+--------+-----+--------+

Top non-repeatable levels by time:
     D:1: 1034 daAuts
     D:2: 925 daAuts
     D:4: 837 daAuts
     D:3: 271 daAuts
     D:5: 14 daAuts
